 Dungeon Crawl Stone Soup version 0.23-a0-667-gc184e93 (webtiles) character file.

93 Lavandula the Vandal (level 4, 0/27 HPs)
             Began as a Halfling Arcane Marksman on Jan 8, 2019.
             Succumbed to a worker ant's poison
             ... on level 4 of the Dungeon.
             The game lasted 00:05:18 (952 turns).

Lavandula the Vandal (Halfling Arcane Marksman)      Turns: 952, Time: 00:05:19

Health: 0/27       AC:  5    Str: 10 (12) XL:     4   Next: 92%
Magic:  5/5        EV: 14    Int: 10 (11) God:
Gold:   86         SH:  0    Dex: 12 (14) Spells: 4/5 levels left

rFire    + . .     SeeInvis .   a - +0 hunting sling
rCold    x . .     Gourm    .   (shield restricted)
rNeg     . . .     Faith    .   r - +1 leather armour {MR+}
rPois    .         Spirit   .   q - +0 helmet
rElec    .         Reflect  .   (no cloak)
rCorr    .         Harm     .   (no gloves)
MR       +....                  (no boots)
Stlth    +.........             (no amulet)
HPRegen  0.09/turn              h - ring of fire
MPRegen  0.09/turn              (no ring)

@: lethally poisoned (0 -> -9), berserk cooldown, flying, slowed, very slow
A: small, mutation resistance 1
a: no special abilities


You were on level 4 of the Dungeon.
You were not hungry.

You visited 1 branch of the dungeon, and saw 5 of its levels.

You collected 86 gold pieces.

Inventory:

Hand Weapons
 a - a +0 hunting sling (weapon)
Missiles
 c - 94 stones (quivered)
Armour
 e - a +0 robe
 q - a +0 helmet (worn)
 r - a +1 leather armour of magic resistance (worn)
Jewellery
 h - a ring of fire (left hand)
Scrolls
 i - a scroll of fog {unknown}
 j - a scroll of enchant armour {unknown}
 k - a scroll of enchant weapon {unknown}
 m - a scroll of noise {unknown}
 n - a scroll of remove curse {unknown}
 o - a scroll of immolation {unknown}
 s - 3 scrolls of amnesia {unknown}
Potions
 l - a potion of curing {unknown}
Comestibles
 f - 3 rations


   Skills:
 - Level 0.8 Fighting
 + Level 6.8 Slings
 - Level 2.1 Dodging
 - Level 1.0 Spellcasting
 - Level 2.4 Hexes


You had 4 spell levels left.
You knew the following spells:

 Your Spells              Type           Power        Failure   Level  Hunger
a - Corona                Hex            #......      19%         1    ##.....

Your spell library contained the following spells:

 Spells                   Type           Power        Failure   Level  Hunger
 Slow                     Hex            #.......     26%         2    ###....
 Inner Flame              Hex/Fire       #.......     65%         3    ####...
 Portal Projectile        Hex/Tloc       #.....       65%         3    ####...
 Cause Fear               Hex            #.........   87%         4    #####..
 Leda's Liquefaction      Hex/Erth       #.........   96%         4    #####..


Dungeon Overview and Level Annotations

Branches:
Dungeon (5/15)
 Temple: D:4-7

Altars:
Kikubaaqudgha
Xom


Innate Abilities, Weirdness & Mutations

You are small and have problems with some larger weapons.
You are somewhat resistant to further mutation.


Message History

The worm is moderately wounded.
* * * LOW HITPOINT WARNING * * *
You feel sick. The worm completely misses you.
You clumsily bash the worm.
The worm is heavily wounded.
* * * LOW HITPOINT WARNING * * *
You feel sick.
You hit the worm!
You kill the worm!
* * * LOW HITPOINT WARNING * * *
You feel sick.
Things that are here:
a stone; a worker ant corpse You feel a strong urge to attack something.
You are no longer berserk.
You are exhausted.
You feel yourself slow down.
* * * LOW HITPOINT WARNING * * *
You feel sick.
You die...

..##
#...#...###..##
. #..##...#
###.##
#..###...# ##.#
#... #..## ###
#..# #..# # ...
#..# ##. ##..#
.... #...#
(....####@..#
.(.....#....#
(..((.((....#
#...............
##...........###
##.(.......##
##........#
#...####.# #.##
..


There were no monsters in sight!

Vanquished Creatures
  A worker ant (D:4)
  An adder (D:5)
  An ooze (D:1)
  An adder skeleton (D:5)
  2 worms
  2 dart slugs
  A leopard gecko (D:1)
  5 orcs
  A bat (D:3)
  5 giant cockroaches
  2 goblins (D:2)
  A hobgoblin (D:1)
  4 jackals (D:5)
  A frilled lizard (D:1)
  4 kobolds
  4 rats
36 creatures vanquished.

Notes
Turn   | Place    | Note
-------+----------+-------------------------------------------
     0 | D:1      | Lavandula the Halfling Arcane Marksman began the quest for
                  | the Orb.
     0 | D:1      | Reached XP level 1. HP: 12/12 MP: 2/2
   229 | D:1      | Reached skill level 4 in Slings
   229 | D:1      | Reached XP level 2. HP: 18/18 MP: 3/3
   343 | D:2      | Reached XP level 3. HP: 22/22 MP: 4/4
   455 | D:2      | Found a shimmering altar of Xom.
   489 | D:2      | Reached skill level 5 in Slings
   551 | D:3      | Found an ancient bone altar of Kikubaaqudgha.
   792 | D:5      | Entered Level 5 of the Dungeon
   794 | D:5      | Reached XP level 4. HP: 23/27 MP: 5/5
   825 | D:5      | Reached skill level 6 in Slings
   850 | D:5      | Noticed a centaur
   949 | D:4      | HP: 2/40 [poisoned by a worker ant]
   952 | D:4      | Succumbed to a worker ant's poison

Vault maps used:
D:1:      minmay_arrival_four_houses
D:2:      okawaru_altar_gauntlet_db, nicolae_overflow_hidden_temple,
          gammafunk_temple_overflow_pools, uniq_jessica
D:3:      old_standard_altar, nicolae_overflow_crystal_walls, zin_scriptorium,
          minmay_misc_feat_nine_boxes
D:4:      first_ration
D:5:      marbit_many_paths, basic_altar

Skill      XL: |  1  2  3  4 |
---------------+-------------+-----
Slings         | 4 5 6 |  6.8
Fighting       | |  0.8
Dodging        | |  2.1
Spellcasting   | |  1.0
Hexes          | |  2.4

Action                   |  1- 3 |  4- 6 || total
-------------------------+-------+-------++-------
Melee: Hunting sling     |       |     7 ||     7
 Fire: Hunting sling     |    78 |    32 ||   110
 Cast: Corona            |     3 |     1 ||     4
  Use: Potion            |       |     3 ||     3
Armor: Robe              |     2 |     1 ||     3
       Leather armour    |       |     4 ||     4
Dodge: Dodged            |    15 |    11 ||    26

Table legend:
 A = Non-vault XP
 B = Vault XP
 C = Vault XP percentage of total XP
 D = Non-vault monster count
 E = Vault monster count
 F = Vault count percentage of total count
                 A         B        C        D         E       F
            +---------+---------+-------+---------+---------+-------
      Total |     134 |       0 |   0.0 |      36 |       0 |   0.0
            +---------+---------+-------+---------+---------+-------
        D:1 |      25 |       0 |   0.0 |      10 |       0 |   0.0
        D:2 |       9 |       0 |   0.0 |       6 |       0 |   0.0
        D:3 |      26 |       0 |   0.0 |      10 |       0 |   0.0
        D:4 |      48 |       0 |   0.0 |       4 |       0 |   0.0
        D:5 |      26 |       0 |   0.0 |       6 |       0 |   0.0
            +---------+---------+-------+---------+---------+-------
